CCBL
COTUIT KETTLEERS @ BOURNE BRAVES
04/12/2060
 
TOP OF THE 1ST
Cotuit Kettleers batting - Pitching for Bourne Braves : RHP Lucas Coleman
Pitching: RHP Lucas Coleman
Batting: RHB Morrison Suttle 0-0: Ball
1-0: Ball
2-0: Ball
3-0: Base on Balls
Batting: RHB Tate Brown 0-0: SINGLE (Flyball, 78S, EV 86.9 MPH)
Morrison Suttle to second
Batting: RHB Collin Franklin 0-0: Called Strike
0-1: Ball
1-1: Grounds into double play, 4-6-3 (Groundball, 4, EV 109.4 MPH)
Morrison Suttle to third
Batting: RHB Kristofer Pleasants 0-0: Ball
1-0: Called Strike
1-1: Fly out, F9 (Flyball, 9S, EV 96.9 MPH)
Top of the 1st over - 0 runs, 1 hit, 0 errors, 1 left on base; Cotuit 0 - Bourne 0
BOTTOM OF THE 1ST
Bourne Braves batting - Pitching for Cotuit Kettleers : RHP Khalil Givens
Pitching: RHP Khalil Givens
Batting: LHB Jack Motzer 0-0: Called Strike
0-1: Swinging Strike
0-2: Foul Ball, location: 2F
0-2: Foul Ball, location: 2F
0-2: Strikes out looking
Batting: RHB Steve Norman 0-0: Ball
1-0: Ball
2-0: Swinging Strike
2-1: Foul Ball, location: 2F
2-2: Ball
3-2: Foul Ball, location: 2F
3-2: Fly out, F3 (Popup, 23F, EV 78.1 MPH)
Batting: LHB Carlton Bryer 0-0: Foul Ball, location: 2F
0-1: Ball
1-1: Called Strike
1-2: Ball
2-2: Ball
3-2: Strikes out swinging
Bottom of the 1st over - 0 runs, 0 hits, 0 errors, 0 left on base; Cotuit 0 - Bourne 0
TOP OF THE 2ND
Cotuit Kettleers batting - Pitching for Bourne Braves : RHP Lucas Coleman
Batting: RHB Jared Sadler 0-0: Called Strike
0-1: Ball
1-1: Foul Ball, location: 2F
1-2: Strikes out swinging
Batting: LHB Loren Frank 0-0: Foul Ball, location: 2F
0-1: Ball
1-1: Called Strike
1-2: Ball
2-2: Foul Ball, location: 2F
2-2: Foul Ball, location: 2F
2-2: Ball
3-2: Ground out U3 (Groundball, 3, EV 108.1 MPH)
Batting: LHB Jamie Deveney 0-0: Ground out U3 (Groundball, 34, EV 75.6 MPH)
Top of the 2nd over - 0 runs, 0 hits, 0 errors, 0 left on base; Cotuit 0 - Bourne 0
BOTTOM OF THE 2ND
Bourne Braves batting - Pitching for Cotuit Kettleers : RHP Khalil Givens
Batting: RHB Frey Granado 0-0: Foul Ball, location: 2F
0-1: Ground out U3 (Groundball, 3D, EV 90.0 MPH)
Batting: LHB Blake Wolf 0-0: Called Strike
0-1: Ball
1-1: Fly out, F8 (Flyball, 78D, EV 85.0 MPH)
Batting: RHB Zane Welker 0-0: Ball
1-0: Foul Ball, location: 2F
1-1: SINGLE (Groundball, 6MD, EV 110.6 MPH)
Batting: RHB Coleman Fitzgerald 0-0: DOUBLE (Line Drive, 89XD, EV 100.0 MPH)
Zane Welker to third
Batting: LHB Michael Monks 0-0: Foul Ball, location: 2F
0-1: Ball
1-1: Ball
2-1: Ball
3-1: Called Strike
3-2: Foul Ball, location: 2F
3-2: Foul Ball, location: 2F
3-2: Ground out 4-3 (Groundball, 4, EV 82.5 MPH)
Bottom of the 2nd over - 0 runs, 2 hits, 0 errors, 2 left on base; Cotuit 0 - Bourne 0
TOP OF THE 3RD
Cotuit Kettleers batting - Pitching for Bourne Braves : RHP Lucas Coleman
Batting: RHB Cody Hense 0-0: SINGLE (Line Drive, 34D, EV 93.8 MPH)
Batting: RHB Devin Daniell 0-0: Called Strike
0-1: Foul Ball, location: 2F
0-2: Ball
1-2: Ball
2-2: Ball
3-2: Base on Balls
Cody Hense to second
Batting: RHB Morrison Suttle 0-0: Swinging Strike
0-1: Ball
1-1: Ball
2-1: Ball
3-1: Called Strike
3-2: Fielders Choice at 2nd, 5-4 (Groundball, 56, EV 77.5 MPH)
Cody Hense to third
Batting: RHB Tate Brown 0-0: Ball
1-0: Swinging Strike
1-1: Foul Ball, location: 2F
1-2: Ball
2-2: Fly out, F7 (Flyball, 7, EV 91.9 MPH)
Runner from 3rd tags up, SCORES, no throw by LF
Batting: RHB Collin Franklin 0-0: Ball
Morrison Suttle steals 2nd base
1-0: Foul Ball, location: 2F
1-1: Ball
2-1: Ball
3-1: Called Strike
3-2: Strikes out swinging
Top of the 3rd over - 1 run, 1 hit, 0 errors, 1 left on base; Cotuit 1 - Bourne 0
BOTTOM OF THE 3RD
Bourne Braves batting - Pitching for Cotuit Kettleers : RHP Khalil Givens
Batting: RHB Abraham Wade 0-0: Fly out, F8 (Flyball, 78M, EV 93.1 MPH)
Batting: LHB Jack Motzer 0-0: Ball
1-0: Called Strike
1-1: SINGLE (Line Drive, 4MD, EV 97.5 MPH)
Batting: RHB Steve Norman 0-0: Ball
1-0: Fly out, F5 (Flyball, 5D, EV 90.6 MPH)
Batting: LHB Carlton Bryer 0-0: Ground out 4-3 (Groundball, 4, EV 81.2 MPH)
Bottom of the 3rd over - 0 runs, 1 hit, 0 errors, 1 left on base; Cotuit 1 - Bourne 0
TOP OF THE 4TH
Cotuit Kettleers batting - Pitching for Bourne Braves : RHP Lucas Coleman
Batting: RHB Kristofer Pleasants 0-0: Called Strike
0-1: Swinging Strike
0-2: Ball
1-2: Ball
2-2: Ball
3-2: Strikes out swinging
Batting: RHB Jared Sadler 0-0: Fly out, F8 (Flyball, 8RS, EV 89.4 MPH)
Batting: LHB Loren Frank 0-0: Ball
1-0: Foul Ball, location: 2F
1-1: DOUBLE (Flyball, 89XD, EV 93.1 MPH)
Batting: LHB Jamie Deveney 0-0: Called Strike
0-1: DOUBLE (Groundball, 3L, EV 110.0 MPH)
Loren Frank scores
Batting: RHB Cody Hense 0-0: Ball
1-0: Called Strike
1-1: Foul Ball, location: 2F
1-2: Ball
2-2: Fly out, F7 (Flyball, 7LMF, EV 93.8 MPH)
Top of the 4th over - 1 run, 2 hits, 0 errors, 1 left on base; Cotuit 2 - Bourne 0
BOTTOM OF THE 4TH
Bourne Braves batting - Pitching for Cotuit Kettleers : RHP Khalil Givens
Batting: RHB Frey Granado 0-0: Ball
1-0: Fly out, F9 (Flyball, 9D, EV 105.6 MPH)
Batting: LHB Blake Wolf 0-0: Fly out, F7 (Line Drive, 7S, EV 88.8 MPH)
Batting: RHB Zane Welker 0-0: Ball
1-0: Swinging Strike
1-1: Fly out, F8 (Flyball, 78M, EV 83.1 MPH)
Bottom of the 4th over - 0 runs, 0 hits, 0 errors, 0 left on base; Cotuit 2 - Bourne 0
TOP OF THE 5TH
Cotuit Kettleers batting - Pitching for Bourne Braves : RHP Lucas Coleman
Batting: RHB Devin Daniell 0-0: Fly out, F7 (Flyball, 7, EV 93.8 MPH)
Batting: RHB Morrison Suttle 0-0: Ball
1-0: Called Strike
1-1: Fly out, F7 (Flyball, 7D, EV 100.0 MPH)
Batting: RHB Tate Brown 0-0: Swinging Strike
0-1: Ball
1-1: Ball
2-1: Foul Ball, location: 2F
2-2: Ball
3-2: Foul Ball, location: 2F
3-2: Foul Ball, location: 2F
3-2: Foul Ball, location: 2F
3-2: Fly out, F9 (Flyball, 89M, EV 88.8 MPH)
Top of the 5th over - 0 runs, 0 hits, 0 errors, 0 left on base; Cotuit 2 - Bourne 0
BOTTOM OF THE 5TH
Bourne Braves batting - Pitching for Cotuit Kettleers : RHP Khalil Givens
Batting: RHB Coleman Fitzgerald 0-0: Called Strike
0-1: Called Strike
0-2: Ball
1-2: Ball
2-2: Foul Ball, location: 2F
2-2: Fly out, F9 (Flyball, 9S, EV 89.4 MPH)
Batting: LHB Michael Monks 0-0: Ball
1-0: Called Strike
1-1: Foul Ball, location: 2F
1-2: Ball
2-2: Strikes out looking
Batting: RHB Abraham Wade 0-0: Swinging Strike
0-1: Swinging Strike
0-2: Foul Ball, location: 2F
0-2: Strikes out looking
Bottom of the 5th over - 0 runs, 0 hits, 0 errors, 0 left on base; Cotuit 2 - Bourne 0
TOP OF THE 6TH
Cotuit Kettleers batting - Pitching for Bourne Braves : RHP Lucas Coleman
Batting: RHB Collin Franklin 0-0: Ball
1-0: Fly out, F9 (Flyball, 9S, EV 96.2 MPH)
Batting: RHB Kristofer Pleasants 0-0: Ball
1-0: Ground out 6-3 (Groundball, 6, EV 100.0 MPH)
Batting: RHB Jared Sadler 0-0: Called Strike
0-1: Ball
1-1: Ball
2-1: Fly out, F9 (Flyball, 89S, EV 83.1 MPH)
Top of the 6th over - 0 runs, 0 hits, 0 errors, 0 left on base; Cotuit 2 - Bourne 0
BOTTOM OF THE 6TH
Bourne Braves batting - Pitching for Cotuit Kettleers : RHP Khalil Givens
Batting: LHB Jack Motzer 0-0: Called Strike
0-1: Ball
1-1: Ball
2-1: Called Strike
2-2: Ground out 5-3 (Groundball, 56, EV 81.2 MPH)
Batting: RHB Steve Norman 0-0: Fly out, F4 (Popup, 23, EV 84.4 MPH)
Batting: LHB Carlton Bryer 0-0: Called Strike
0-1: Ball
1-1: Swinging Strike
1-2: Foul Ball, location: 2F
1-2: Strikes out looking
Bottom of the 6th over - 0 runs, 0 hits, 0 errors, 0 left on base; Cotuit 2 - Bourne 0
TOP OF THE 7TH
Cotuit Kettleers batting - Pitching for Bourne Braves : RHP Lucas Coleman
Pitching: RHP Winton Sakamoto
Batting: LHB Loren Frank 0-0: Ball
1-0: Ground out 4-3 (Groundball, 4, EV 109.4 MPH)
Batting: LHB Jamie Deveney 0-0: SINGLE (Groundball, 4D, EV 106.2 MPH)
Batting: RHB Cody Hense 0-0: Called Strike
0-1: DOUBLE (Line Drive, 8RXD, EV 106.9 MPH)
Jamie Deveney to third
Batting: RHB Devin Daniell 0-0: Ball
1-0: Ball
2-0: Called Strike
2-1: Swinging Strike
2-2: Fly out, F7 (Flyball, 7, EV 98.1 MPH)
Runner from 3rd tags up, SCORES, throw by LF
Cody Hense to third
Batting: RHB Morrison Suttle 0-0: Called Strike
0-1: Ball
1-1: Fly out, F8 (Line Drive, 89M, EV 100.0 MPH)
Top of the 7th over - 1 run, 2 hits, 0 errors, 1 left on base; Cotuit 3 - Bourne 0
BOTTOM OF THE 7TH
Bourne Braves batting - Pitching for Cotuit Kettleers : RHP Khalil Givens
Batting: RHB Frey Granado 0-0: Called Strike
0-1: Swinging Strike
0-2: Ball
1-2: Foul Ball, location: 2F
1-2: Ball
2-2: Strikes out looking
Batting: LHB Blake Wolf 0-0: Fly out, F8 (Flyball, 8LD, EV 99.4 MPH)
Batting: RHB Zane Welker 0-0: Fly out, F9 (Line Drive, 89M, EV 105.0 MPH)
Bottom of the 7th over - 0 runs, 0 hits, 0 errors, 0 left on base; Cotuit 3 - Bourne 0
TOP OF THE 8TH
Cotuit Kettleers batting - Pitching for Bourne Braves : RHP Winton Sakamoto
Batting: RHB Tate Brown 0-0: Ball
1-0: Called Strike
1-1: Ball
2-1: Ground out 6-3 (Groundball, 6S, EV 66.9 MPH)
Batting: RHB Collin Franklin 0-0: Called Strike
0-1: Ball
1-1: Swinging Strike
1-2: Ground out 2-3 (Groundball, 15S, EV 68.1 MPH)
Batting: RHB Kristofer Pleasants 0-0: Ball
1-0: Called Strike
1-1: Ball
2-1: Fly out, F9 (Flyball, 89M, EV 94.4 MPH)
Top of the 8th over - 0 runs, 0 hits, 0 errors, 0 left on base; Cotuit 3 - Bourne 0
BOTTOM OF THE 8TH
Bourne Braves batting - Pitching for Cotuit Kettleers : RHP Khalil Givens
Batting: RHB Coleman Fitzgerald 0-0: Foul Ball, location: 2F
0-1: Ball
1-1: Foul Ball, location: 2F
1-2: DOUBLE (Flyball, 8LXD, EV 95.6 MPH)
Pitching: LHP Riley Bryant
Pinch Hitting: RHB Preston Pergolizzi 0-0: Called Strike
0-1: Ball
1-1: Ball
2-1: Ball
3-1: Foul Ball, location: 2F
3-2: 2-RUN HOME RUN (Flyball, 7LD, EV 95.0 MPH), Distance : 386 ft
Batting: RHB Abraham Wade 0-0: Swinging Strike
0-1: Ball
1-1: Swinging Strike
1-2: Foul Ball, location: 2F
1-2: Ball
2-2: Reached on error, E5 (Groundball, 5S, EV 78.1 MPH)
Batting: LHB Jack Motzer 0-0: Ball
1-0: Ball
2-0: Swinging Strike
2-1: Ball
3-1: Foul Ball, location: 2F
3-2: Strikes out looking
Batting: RHB Steve Norman 0-0: Foul Ball, location: 2F
0-1: SINGLE (Groundball, 56S, EV 69.4 MPH) (infield hit)
Abraham Wade to second
Batting: LHB Carlton Bryer 0-0: Foul Ball, location: 2F
0-1: Hit by Pitch
Abraham Wade to third
Steve Norman to second
Batting: RHB Frey Granado 0-0: Ball
1-0: Ball
2-0: Called Strike
2-1: Called Strike
2-2: Grounds into fielders choice 4-2 (Groundball, 4S, EV 79.4 MPH)
Steve Norman to third
Carlton Bryer to second
Batting: LHB Blake Wolf 0-0: Foul Ball, location: 2F
0-1: Foul Ball, location: 2F
0-2: Foul Ball, location: 2F
0-2: Foul Ball, location: 2F
0-2: Strikes out swinging
Bottom of the 8th over - 2 runs, 3 hits, 1 error, 3 left on base; Cotuit 3 - Bourne 2
TOP OF THE 9TH
Cotuit Kettleers batting - Pitching for Bourne Braves : RHP Winton Sakamoto
Now in RF: Preston Pergolizzi
Batting: RHB Jared Sadler 0-0: Ball
1-0: Called Strike
1-1: Foul Ball, location: 2F
1-2: Strikes out swinging
Batting: LHB Loren Frank 0-0: Ball
1-0: Called Strike
1-1: Foul Ball, location: 2F
1-2: Ball
2-2: Ball
3-2: Base on Balls
Pitching: RHP Matt Mitchel
Batting: LHB Jamie Deveney 0-0: Hit by Pitch
Loren Frank to second
Batting: RHB Cody Hense 0-0: Fielders Choice at 2nd, 4-6 (Groundball, 4, EV 84.4 MPH)
Loren Frank to third
Batting: RHB Devin Daniell 0-0: Called Strike
0-1: Ball
1-1: Ball
2-1: Fly out, F5 (Popup, 56S, EV 80.6 MPH)
Top of the 9th over - 0 runs, 0 hits, 0 errors, 2 left on base; Cotuit 3 - Bourne 2
BOTTOM OF THE 9TH
Bourne Braves batting - Pitching for Cotuit Kettleers : LHP Riley Bryant
Pitching: RHP Otis Bumpers
Batting: RHB Zane Welker 0-0: Called Strike
0-1: Foul Ball, location: 2F
0-2: Ball
1-2: Foul Ball, location: 2F
1-2: Ball
2-2: SINGLE (Groundball, 34S, EV 86.2 MPH) (infield hit)
Batting: RHB Coleman Fitzgerald 0-0: Ball
1-0: Bunted foul
1-1: Ball
2-1: Sac Bunt to 13 - play at first, batter OUT! 1-3
Zane Welker to second
Batting: RHB Preston Pergolizzi 0-0: Ball
1-0: Ball
2-0: Foul Ball, location: 2F
2-1: Foul Ball, location: 2F
2-2: Foul Ball, location: 2F
2-2: Ball
3-2: Ground out 5-3 (Groundball, 56, EV 105.0 MPH)
Pinch Hitting: LHB Israel Quinzi 0-0: SINGLE (Groundball, 4MD, EV 93.8 MPH)
Zane Welker to third
Batting: LHB Jack Motzer 0-0: Ball
1-0: Foul Ball, location: 2F
1-1: Ground out 4-3 (Groundball, 4, EV 86.9 MPH)
Bottom of the 9th over - 0 runs, 2 hits, 0 errors, 2 left on base; Cotuit 3 - Bourne 2
Saturday, April 27th , 2024 - OOTP Baseball 23.10 Build 110